← All builds
Tech / Armada / Economy first / OBSERVED BUILD

Rattlesnake defence

Tech sets up early Rattlesnake pop-up artillery from 8:52 to hold the middle, supported by Butlers, instead of purely funneling T2 to the team.

Usually first T2 con to Geo (83%)

#artillery #defence · 23 distinct matches · 14 players · 2% of Armada Tech games · team won 52% of 23 · Recently observed

THE CATCH, AND WHAT COMES WITH IT
  • RattlesnakeEarly defence from 8:52 · 2% of role by thenOnly 2% of Tech games have it by then; others who build it get it around 11:16

Where those units first fight, in 13 games with kill data: in the middle 100%.

Those units destroy a typical 21 metal of enemy units by 15:00.

HOW TO PLAY IT

Key timing: Rattlesnake by 8:52

  1. Open mex and wind as standard tech eco rush.
  2. Build bot lab quickly to keep pace with normal tech timeline.
  3. Finish Advanced Bot Lab on the usual fast tech schedule.
  4. Start Rattlesnake pop-up defence far earlier than tech norm.
  5. Layer anti-nuke and Basilica as the defensive line matures.

Phase by phase

TYPICAL OF ITS 23 GAMES · AGAINST STANDARD TECH
  1. 1
  2. 2
  3. 3
  4. 4
  5. 5
PLAY THE OPENING

Follow the example game's first 9:52 step by step: what to build now, what comes next, and where it goes. At 1× it keeps pace with your own game.

  1. 1

    Up to the Bot Lab

    Economy
    • Metal Extractor3Mex
    • Wind Turbine4Wind
    Order
    1. Bot LabBot Lab after 3 mex, 4 winddone ~1:16, middle half 1:13–1:27

    By 1:00 in all: 3 mex · 4 wind

    The example game in this phase · 3 steps
    1. Mex ×3
    2. Wind ×4
    3. Bot LabBot Labdone 1:17 · typical 1:16
  2. 2

    Bot Lab to Advanced Bot Lab

    Economy
    • Metal Extractor1Mex
    • Wind Turbine8Wind
    • Energy Storage1Energy storage
    Order
    1. Advanced Bot LabAdvanced Bot Lab after 4 mex, 11 wind, 3 con turretdone ~4:21, middle half 4:08–4:34
    Builders
    • Construction Turret3 Con turret
    • Lazarus2 Lazarus
    • Construction Bot2 Con bot
    • Construction Bot1 Con bot for allies

    Some games also: converter (43%)

    By 3:23 in all: 4 mex · 11 wind · 1 energy storage · 3 con turret

    The example game in this phase · 15 steps
    1. LazarusLazarus
    2. Wind ×3
    3. LazarusLazarus
    4. Wind ×2
    5. Construction BotCon bot
    6. Construction BotCon botfor Air
    7. Construction BotCon bot
    8. Energy storage
    9. Con turret
    10. Mex
    11. Energy storage
    12. Wind
    13. Con turret
    14. Wind
    15. Advanced Bot LabAdvanced Bot Labdone 4:11 · typical 4:21
  3. 3

    Advanced Bot Lab to 5:00

    Economy
    • Wind Turbine2Wind
    Builders
    • Advanced Construction Bot1 T2 con bot for allies

    Some games also: converter (30%)

    By 5:00 in all: 4 mex · 16 wind · 2 converter · 1 energy storage · 3 con turret

    The example game in this phase · 6 steps
    1. Wind ×2
    2. Advanced Construction BotT2 con botfor Geo
    3. Wind
    4. Advanced Metal ExtractorT2 mexdone 4:59 · typical 5:14
    5. Wind ×2
    6. Advanced Construction BotT2 con botfor Air
  4. 4

    5:00 to Early defence

    Economy
    • Wind Turbine21Wind
    • Energy Converter3Converter+2 vs standard
    Order
    1. RattlesnakeEarly defence after 4 mex, 39 wind, 6 converterdone ~11:17, middle half 10:00–12:04
    Builders
    • Butler4 Butler
    • Advanced Construction Bot3 T2 con bot for allies
    • Advanced Construction Bot1 T2 con bot

    Some games also: Butler for allies (39%) · con turret (35%)

    By 8:52 in all: 4 mex · 39 wind · 6 converter (standard 4) · 1 energy storage · 3 con turret

    The example game in this phase · 55 steps
    1. Wind
    2. Advanced Metal ExtractorT2 mex ×2
    3. Wind ×2
    4. Advanced Construction BotT2 con botfor Geo sea
    5. Wind
    6. Con turret
    7. Wind
    8. Advanced Metal ExtractorT2 mex
    9. ButlerButler ×4
    10. Advanced Construction BotT2 con botfor Beach sea
    11. Wind ×2
    12. ButlerButler
    13. Wind
    14. ButlerButler
    15. Wind ×10
    16. Advanced Construction BotT2 con botfor Pond
    17. Wind ×2
    18. Converter
    19. Wind ×3
    20. Advanced Construction BotT2 con bot
    21. ButlerButler
    22. Wind
    23. Converter
    24. Wind ×2
    25. ButlerButler
    26. Con turret
    27. Wind ×2
    28. Converter
    29. Wind
    30. ButlerButler
    31. Wind ×2
    32. Con turret
    33. Wind ×2
    34. Converter
    35. Advanced Construction BotT2 con bot
    36. Wind ×4
    37. Converter
    38. Wind ×3
    39. Converter
    40. Wind
    41. Converter
    42. Wind ×3
    43. Converter
    44. ButlerButler
    45. Wind
    46. Converter
    47. Wind ×2
    48. Converter
    49. Wind ×2
    50. Converter
    51. ButlerButler
    52. Wind ×2
    53. ButlerButler
    54. Converter
    55. RattlesnakeRattlesnakedone 11:10 · typical 11:17
  5. 5

    Early defence to 15:00

    Economy
    • Wind Turbine117Wind
    • Energy Converter22Converter−17 vs standard
    Order
    1. Fusion ReactorFusion after 155 wind, 26 converter, 9 con turretin 57% of games
    Builders
    • Construction Turret6 Con turret −2 vs standard
    • Butler2 Butler −3 vs standard
    • Advanced Construction Bot1 T2 con bot

    Some games also: metal storage (48%) · Rattlesnake (43%) · T2 con bot for allies (43%) · anti-nuke (35%) · T2 converter (30%)

    By 15:00 in all: 4 mex · 176 wind · 1 fusion · 28 converter (standard 44) · 1 energy storage · 9 con turret

    The example game in this phase · 178 steps
    1. Converter
    2. Wind ×4
    3. Converter ×2
    4. Wind ×3
    5. Converter ×3
    6. Wind ×3
    7. Converter
    8. ButlerButler
    9. Wind ×3
    10. Converter ×2
    11. Wind
    12. ButlerButler
    13. Wind ×3
    14. Converter
    15. Wind ×2
    16. Converter
    17. Wind
    18. Converter
    19. Wind ×2
    20. Converter
    21. Wind ×2
    22. Advanced Construction BotT2 con bot
    23. Wind
    24. Converter ×2
    25. Wind ×3
    26. Converter
    27. Wind ×2
    28. Converter
    29. Wind ×2
    30. Converter
    31. Wind
    32. Converter
    33. Wind ×4
    34. Converter ×2
    35. Wind ×4
    36. Converter
    37. Wind ×4
    38. Converter ×2
    39. Con turret
    40. Wind
    41. T2 converter
    42. Wind
    43. Converter
    44. Wind ×4
    45. Con turret
    46. Wind
    47. Converter ×2
    48. Wind ×4
    49. Converter
    50. Wind
    51. Con turret
    52. Wind ×3
    53. Converter
    54. Wind
    55. Converter ×2
    56. Wind
    57. Con turret
    58. Wind ×5
    59. Con turret
    60. Wind ×2
    61. Converter ×2
    62. Con turret
    63. Wind
    64. Converter
    65. Wind ×4
    66. Con turret
    67. Wind ×2
    68. Converter
    69. Wind
    70. Converter
    71. Wind
    72. Converter
    73. Wind ×5
    74. Converter
    75. Wind ×2
    76. Converter
    77. Wind ×3
    78. Converter
    79. Wind ×2
    80. Fusion ReactorFusiondone 12:34
    81. Wind ×2
    82. Converter
    83. Wind ×2
    84. Converter
    85. Wind ×2
    86. Converter
    87. Wind ×4
    88. Converter
    89. Wind ×2
    90. Converter ×2
    91. Wind ×4
    92. Vehicle PlantVehicle Plantnot finished by 15:00
    93. Wind ×2
    94. Converter
    95. Wind ×4
    96. Converter
    97. Wind ×4
    98. Converter ×2
    99. Wind ×4
    100. Converter
    101. Wind ×3
    102. Converter ×2
    103. Wind
    104. PinpointerPinpointer
    105. Wind ×4
    106. Converter
    107. Wind ×3
    108. Converter ×2
    109. Wind ×2
    110. Fusion ReactorFusion
    111. Wind ×3
    112. Converter
    113. Wind ×4
    114. Converter
    115. Wind
    116. Converter
    117. Wind ×5
    118. Converter
    119. Wind
    120. Converter
    121. Wind ×5
    122. Converter
    123. Wind
    124. T2 converter
    125. Converter
    126. Wind ×7
    127. Converter
    128. Wind ×2
    129. Converter ×2
    130. Wind ×6
    131. Converter
    132. Wind ×2
    133. Converter
    134. Wind ×2
    135. T2 converter
    136. Wind ×4
    137. Converter ×2
    138. Wind ×2
    139. Converter
    140. Wind ×2
    141. Aircraft PlantAircraft Plantdone 14:12
    142. Wind ×3
    143. Converter
    144. Wind
    145. T2 converter
    146. Converter
    147. Wind
    148. FalconFighter
    149. Wind ×3
    150. Converter ×2
    151. Wind ×2
    152. FalconFighter
    153. Wind ×2
    154. Converter ×2
    155. Wind ×3
    156. Converter
    157. Wind ×5
    158. Converter
    159. Wind ×5
    160. Converter
    161. Wind
    162. Converter ×2
    163. FalconFighter
    164. Wind ×2
    165. Converter
    166. FalconFighter
    167. Wind
    168. FalconFighter
    169. Wind
    170. FalconFighter
    171. Wind ×2
    172. FalconFighter
    173. Converter
    174. Wind
    175. Converter
    176. FalconFighter
    177. Wind
    178. FalconFighter

Counts are medians over the build's games: half of them build more, half fewer. The example game is RogShotz's (43 OS, 08/08/2026); pick another.

Team trades

IN AT LEAST 30% OF ITS GAMES

You hand over

  • Construction Bot1 Con bot to Airfirst at 2:24 · in 83% of games
  • Advanced Construction Bot5 T2 con bot to Air or Geo sea or Geofirst at 5:01 · in 100% of games
  • Sharpshooter2 Sniper bot to Pondfirst at 5:36 · in 30% of games
  • Butler3 Butler to Beach sea or Geo seafirst at 8:17 · in 52% of games

You get

  • Hercules1–2 Light transport from Airfirst at 4:07 · in 78% of games

How it plays out

Typical game of this build against the role’s standard build, running totals by minute

  • This build
  • Standard tech

Metal produced

020k40k
0:005:0010:0015:00

metal

Enemy metal destroyed

0250500750
0:005:0010:0015:00

metal

Own metal lost

0100200300
0:005:0010:0015:00

metal

23 games.

Show as table
ByMetal produced: This buildMetal produced: Standard techEnemy metal destroyed: This buildEnemy metal destroyed: Standard techOwn metal lost: This buildOwn metal lost: Standard tech
1:003833830000
2:009169150000
3:00157116350000
4:00298131480000
5:00493748630000
6:00597658070000
7:00747172200000
8:00925390610000
9:0011613112470000
10:0014056135530000
11:00168271634221000
12:00195211985031000
13:00228612364462000
14:00267782736013412574130
15:002912731473601385190260
WHAT THE NUMBERS SAY

Team won less often than the standard build despite slightly higher enemy metal destroyed and lower own losses by 15:00.

  • + Enemy metal destroyed by 15:00 above standard (1055 vs 400).
  • + Own metal lost by 15:00 slightly below standard (225 vs 260).
  • − Team win rate below standard (43% vs 53%).
  • − Delays combat entirely: first kill and first loss both far later than tech norm (10:06/10:21).
THE EXAMPLE YOU ARE READING

RogShotz

43.4 OS · 08/08/2026

Open source match ↗

2 received units
4946 metal received · 64132 energy received

Allied construction assistance is unknown. Timings are observations, not a promise of solo reproducibility.

Typical milestones

Bot Lab1:16Middle 50%: 1:13–1:27 · n=23
Advanced Bot Lab4:21Middle 50%: 4:08–4:34 · n=23
Advanced Metal Extractor5:14Middle 50%: 5:02–5:39 · n=23
Rattlesnake11:17Middle 50%: 10:00–12:04 · n=20

Played most by

GeeGee6games of this buildRogShotz3games of this buildDamsko2games of this buildPlatinumBlonde2games of this build_X_1game of this build